 Dungeon Crawl Stone Soup version 0.21.1-1-g345015f (webtiles) character file.

181 Hasart the Magician (level 5, -2/28 HPs)
             Began as a Kobold Wizard on Apr 1, 2018.
             Killed from afar by a dart slug (8 damage)
             ... with a slug dart
             ... on level 3 of the Dungeon.
             The game lasted 00:09:12 (3103 turns).

Hasart the Magician (Kobold Wizard)                 Turns: 3103, Time: 00:09:12

Health: -2/28      AC:  2    Str:  5    XL:     5   Next: 92%
Magic:  7/10       EV: 21    Int: 20    God:
Gold:   80         SH:  0    Dex: 13    Spells: 3/11 levels left

rFire    . . .     SeeInvis .   j - +0 short sword
rCold    . . .     Gourm    .   (shield restricted)
rNeg     . . .     Faith    .   a - +0 robe
rPois    .         Spirit   .   b - +0 hat
rElec    .         Reflect  .   (no cloak)
rCorr    .         Harm     .   (no gloves)
MR       .....                  (no boots)
Stlth    ++........             (no amulet)
HPRegen  0.09/turn              g - +6 ring of evasion
MPRegen  0.12/turn              (no ring)

@: no status effects
A: small, carnivore
a: no special abilities


You were on level 3 of the Dungeon.
You were very full.

You visited 1 branch of the dungeon, and saw 3 of its levels.

You collected 80 gold pieces.

Inventory:

Hand Weapons
 j - a +0 short sword (weapon)
Armour
 a - a +0 robe (worn)
 b - a +0 hat (worn)
 m - a +0 buckler
Jewellery
 g - a +6 ring of evasion (left hand)
Scrolls
 h - 3 scrolls of identify {unknown}
 k - a scroll of blinking {unknown}
 n - 2 scrolls of teleportation {unknown}
 o - a scroll of noise {unknown}
 p - a scroll of enchant armour {unknown}
 q - a scroll of immolation {unknown}
Potions
 e - 2 potions of invisibility {unknown}
 f - a potion of flight {unknown}
 i - a potion of degeneration {unknown}
 l - 3 potions of brilliance {unknown}
 s - a potion of might {unknown}
Books
 c - a book of Minor Magic

   Spells                             Type                      Level
   a - Magic Dart                     Conjuration                  1
   b - Blink                          Translocation                2
   c - Call Imp                       Summoning                    2
   d - Slow                           Hexes                        2
   e - Conjure Flame                  Conjuration/Fire             3
   f - Mephitic Cloud                 Conjuration/Poison/Air       3
Comestibles
 d - 6 rations


   Skills:
 + Level 3.3 Dodging
 - Level 2.6 Stealth
 + Level 3.9 Spellcasting
 * Level 3.1 Conjurations
 + Level 1.5 Summonings
 + Level 1.9 Translocations
 + Level 1.1 Air Magic
 + Level 1.2 Poison Magic


You had 3 spell levels left.
You knew the following spells:

 Your Spells              Type           Power        Failure   Level  Hunger
a - Magic Dart            Conj           ###.         3%          1    None
b - Blink                 Tloc           N/A          9%          2    ##.....
c - Mephitic Cloud        Conj/Pois/Air  ##......     19%         3    ###....
q - Call Imp              Summ           #.......     11%         2    ##.....


Dungeon Overview and Level Annotations

Branches:
Dungeon (3/15)

Altars:


Innate Abilities, Weirdness & Mutations

You are small and have problems with some larger weapons.
You are carnivorous and can eat meat at any time.


Message History

The ball explodes into a vile cloud!
You now have 80 gold pieces (gained 12).
You start resting.
A dart slug is nearby!
Casting: Mephitic Cloud
Confirm with . or Enter, or press ? or * to list all spells.
Aiming: Magic Dart
Press: ? - help, Shift-Dir - straight line, f - dart slug
Aim: a dart slug (clinging)
The magic dart hits the dart slug.
Casting: Magic Dart
Confirm with . or Enter, or press ? or * to list all spells.
Aiming: Magic Dart
Press: ? - help, Shift-Dir - straight line, f/p - dart slug
Aim: a dart slug (clinging)
The magic dart hits the dart slug.
The dart slug is moderately wounded.
The dart slug launches a dart at you. The slug dart hits you!
You die...

######### #........ #........
########################
#.......................
#.##############.####### #.#
#.w............÷..
##'#####.########.#######
#......#@# #.#...... #......#.#
#.#...... #......#.# #.#......
########......#.########.#......
#...(....)....#..........#..####
#(######......#.##########†.#
#.# ########.##########.)####
#.######## ##>....†.......))..
#.#......# #........#####)####


You could see a dart slug.

Vanquished Creatures
  An orc priest (D:3)
  An orc wizard (D:2)
  A gnoll (D:3)
  3 adders (D:3)
  An ooze (D:1)
  A worm (D:3)
  A dart slug (D:3)
  A leopard gecko (D:1)
  3 orcs (D:3)
  2 ball pythons
  2 bats (D:3)
  3 giant cockroaches (D:3)
  7 goblins
  8 hobgoblins
  4 jackals (D:3)
  A quokka (D:2)
  3 frilled lizards
  6 kobolds
  2 rats
51 creatures vanquished.

Vanquished Creatures (collateral kills)
  2 adders (D:2)
  A gnoll (D:3)
  A worm (D:3)
  4 orcs (D:2)
  A bat (D:2)
9 creatures vanquished.

Grand Total: 60 creatures vanquished

Notes
Turn   | Place    | Note
-------+----------+-------------------------------------------
     0 | D:1      | Hasart the Kobold Wizard began the quest for the Orb.
     0 | D:1      | Reached XP level 1. HP: 10/10 MP: 4/4
    97 | D:1      | Reached XP level 2. HP: 15/15 MP: 1/6
   188 | D:1      | Learned a level 2 spell: Blink
   191 | D:1      | Learned a level 2 spell: Call Imp
  1050 | D:2      | Reached XP level 3. HP: 19/19 MP: 0/8
  1122 | D:2      | Learned a level 3 spell: Mephitic Cloud
  1622 | D:2      | Reached XP level 4. HP: 19/24 MP: 0/9
  2361 | D:3      | Reached XP level 5. HP: 26/28 MP: 4/10
  2560 | D:3      | Reached skill level 1 in Air Magic
  2560 | D:3      | Reached skill level 1 in Poison Magic
  3103 | D:3      | Killed from afar by a dart slug

Skill      XL: |  1  2  3  4  5 |
---------------+----------------+-----
Conjurations   | 2 3 |  3.1
Dodging        | 3 |  3.3
Air Magic      | 1 |  1.1
Poison Magic   | 1 |  1.2
Stealth        | |  2.6
Spellcasting   | |  3.9
Summonings     | |  1.5
Translocations | |  1.9

Action                   |  1- 3 |  4- 6 || total
-------------------------+-------+-------++-------
Melee: Unarmed           |    10 |       ||    10
       Short sword       |    26 |    26 ||    52
 Cast: Magic Dart        |    52 |    76 ||   128
       Call Imp          |     7 |     4 ||    11
       Mephitic Cloud    |       |     5 ||     5
 Stab: Sleeping          |     1 |       ||     1
       Confused          |       |     2 ||     2
  Eat: Chunk             |    10 |     5 ||    15
Armor: Robe              |     7 |     3 ||    10
Dodge: Dodged            |    66 |    29 ||    95
